 Dungeon Crawl Stone Soup version 0.29-a0-1027-gcd8c55af63 (webtiles) character file.

Game seed: 3934446361283921945

16697 Mesmaeker13 the Fruitful (level 12, -10/94 HPs)
             Began as a Grey Draconian Artificer on Aug 12, 2022.
             Was a Priest of Fedhas.
             Killed by an exploding ballistomycete spore (24 damage)
             ... set off by their pet
             ... on level 2 of the Lair of Beasts.
             The game lasted 00:28:29 (16456 turns).

Mesmaeker13 the Fruitful (DrAr)                    Turns: 16456, Time: 00:28:29

Health: -10/94     AC: 20    Str: 18    XL:     12   Next: 12%
Magic:  14/20      EV: 14    Int: 13    God:    Fedhas [***...]
Gold:   543        SH:  0    Dex: 12    Spells: 11/11 levels left

rFire   . . .      SeeInvis .   o - +6 demon trident (flame)
rCold   . . .      Faith    +   h - +0 buckler
rNeg    . . .      Spirit   .   (body armour unavailable)
rPois   .          Reflect  .   (helmet restricted)
rElec   .          Harm     .   a - +0 cloak
rCorr   +          Rampage  .   M - +0 pair of gloves
Will    .....                   k - +0 pair of boots
Stlth   +.........              e - amulet of faith
HPRegen 0.25/turn               z - ring of resist corrosion
MPRegen 0.17/turn               m - +4 ring of protection

@: confused, about to teleport, studying Shields, invisible
A: AC +13, amphibious, unfitting armour, cold-blooded
a: Renounce Religion, Wall of Briars, Grow Ballistomycete


You were on level 2 of the Lair of Beasts.
You worshipped Fedhas.
Fedhas was most pleased with you.
You visited 2 branches of the dungeon, and saw 12 of its levels.

You collected 732 gold pieces.
You spent 189 gold pieces at shops.

Inventory:

Hand Weapons
 o - a +6 demon trident of flaming (weapon)
 s - a +2 sling of freezing
Missiles
 v - a throwing net (quivered)
 K - 2 javelins
Armour
 a - a +0 cloak (worn)
 h - a +0 buckler (worn)
 k - a +0 pair of boots (worn)
 w - an orb of light
 M - a +0 pair of gloves (worn)
Jewellery
 e - an amulet of faith (around neck)
 m - a +4 ring of protection (right hand)
 t - an amulet of regeneration
 y - a ring of magical power
 z - a ring of resist corrosion (left hand)
Wands
 c - a wand of charming (32)
 d - a wand of iceblast (7)
 u - a wand of polymorph (4)
Scrolls
 f - 2 scrolls of vulnerability
 r - 2 scrolls of amnesia
 x - a scroll of magic mapping
 A - a scroll of noise
 E - a scroll of summoning
 G - 2 scrolls of teleportation
 H - a scroll of immolation
 I - 2 scrolls of poison
Potions
 g - 2 potions of magic
 i - 3 potions of flight
 j - a potion of might {unknown}
 n - a potion of cancellation {unknown}
 p - a potion of resistance
 B - a potion of curing
 C - a potion of haste
 J - a potion of mutation {unknown}
 N - a potion of brilliance {unknown}


   Skills:
 + Level 5.6 Fighting
 - Level 7.6(8.5) Axes
 + Level 5.8(7.6) Polearms
 - Level 6.8 Dodging
 - Level 0.8 Stealth
 + Level 8.3 Shields
 + Level 11.1 Invocations
 - Level 8.8 Evocations


You had 11 spell levels left.
You didn't know any spells.
Your spell library contained the following spells:

 Spells                   Type           Power      Damage    Failure   Level
 Freeze                   Ice            0%         1d3       36%         1
 Shock                    Conj/Air       0%         1d3       36%         1
 Sublimation of Blood     Necr           0%         N/A       50%         2
 Conjure Flame            Conj/Fire      0%         6-21      75%         3
 Gell's Gravitas          Tloc           0%         N/A       75%         3
 Ignite Poison            Fire/Tmut/Pois 0%         N/A       75%         3
 Lesser Beckoning         Tloc           0%         N/A       75%         3
 Mephitic Cloud           Conj/Pois/Air  0%         N/A       75%         3
 Swiftness                Air            0%         N/A       75%         3
 Teleport Other           Tloc           0%         N/A       75%         3
 Airstrike                Air            0%         2d(0-16)  98%         4
 Anguish                  Hex/Necr       0%         N/A       98%         4
 Hailstorm                Conj/Ice       0%         3d3       98%         4
 Ice Form                 Ice/Tmut       0%         N/A       98%         4
 Leda's Liquefaction      Hex/Erth       0%         N/A       98%         4
 Petrify                  Tmut/Erth      0%         N/A       98%         4
 Sticky Flame             Conj/Fire      0%         2d3       98%         4
 Freezing Cloud           Conj/Ice/Air   0%         6-21      100%        5
 Irradiate                Conj/Tmut      0%         3d11      100%        5
 Lee's Rapid Deconstruct  Erth           0%         3d5*      100%        5
 Simulacrum               Ice/Necr       0%         N/A       100%        6
 Statue Form              Tmut/Erth      0%         N/A       100%        6
 Enfeeble                 Hex            0%         N/A       100%        7


Dungeon Overview and Level Annotations

Branches:
Dungeon (10/15)            Temple (0/1) D:7            Lair (2/5) D:8
  Swamp (0/4) Lair:2          Orc (0/2) D:10
  Snake: Lair:2-3    Spider: Lair:2-3

Altars:
Cheibriados
Elyvilon
Fedhas
Sif Muna
Vehumet
Xom

Shops:
D:6 *(?:

Annotations:
Lair:1 1 runed translucent door, wilfster70's ghost, journeyman GnWn


Innate Abilities, Weirdness & Mutations

Your dull iron-grey scales are very hard. (AC +13)
You are amphibious.
You cannot fit into any form of body armour.
You are cold-blooded and may be slowed by cold attacks.


Message History

The harpoon shot hits you.
You are yanked forward by the harpoon shot.
A swamp worm comes into view.
You block the swamp worm's attack.
Unknown command.
You barely miss the swamp worm. You tail-slap the swamp worm.
The swamp worm is lightly wounded.
The swamp worm bites you!!
Unknown command.
As you read the scroll of teleportation, it crumbles to dust.
You feel strangely unstable. The swamp worm bites you.
The tyrant leech bites you!!
* * * LOW HITPOINT WARNING * * *
The tyrant leech draws strength from your injuries!
Unknown command.
You fade into invisibility!
The swamp worm fires a harpoon shot at you.
The harpoon shot hits your briar patch! The swamp worm barely misses you.
The tyrant leech bites your briar patch.
A ballistomycete spore comes into view.
Unknown command.
Your ballistomycete spore explodes!
Fedhas protects your plant from harm.
The swamp worm appears confused.
The explosion of spores engulfs the swamp worm!!
The swamp worm is severely wounded.
The tyrant leech appears confused.
The explosion of spores engulfs the tyrant leech!!
The tyrant leech is heavily wounded.
A ballistomycete spore comes into view.
Unknown command.
Unknown command.
Your ballistomycete spore explodes!
The swamp worm appears confused.
The explosion of spores engulfs the swamp worm!!
The swamp worm is almost dead.
The explosion of spores engulfs you!!
You are confused.
You die...
Fedhas appreciates your contribution to the ecosystem.

#......#######......##.#.........
...........>........>............
.................................
...........................†.....
..............P#.####..#.......P.
..............######.####....†...
..............##..######.........
................>...............P
................@................
.................w..........^....
####.....#.#....#w..######.......
#....##########P..### #P......
##...# #PPPw..# ##...... #...##
##P.w.## #...... #....## #...##
#...... ##...#.# ♣P.?## ##.....
###†...###♣ ♣...P# #......


You could see 2 tyrant leeches, 2 swamp worms and a friendly ballistomycete
(summoned).

Vanquished Creatures
  2 boulder beetles
  2 two-headed ogres
  A black mamba (Lair:2)
  4 elephants (Lair:2)
  3 cane toads (Lair:1)
  A komodo dragon (Lair:2)
  Maggie (D:6)
  A troll (D:10)
  Grinder (D:6)
  3 shadows
  4 wyverns
  11 yaks
  2 basilisks
  4 steam dragons
  A vampire mosquito (D:10)
  3 acid dragons
  4 water moccasins
  An orc warrior (D:10)
  2 sky beasts
  4 ogres
  2 phantoms
  3 centaurs
  2 kobold brigands
  5 bullfrogs
  A gnoll sergeant (D:5)
  3 necrophages
  3 scorpions (D:5)
  8 wights
  A troll zombie (D:10)
  A killer bee (D:8)
  2 electric eels
  4 howler monkeys
  A gnoll bouda (D:6)
  3 orc priests
  2 jellies
  Natasha (thrice) (D:4)
  3 iguanas
  3 orc wizards
  5 ogre zombies (D:10)
  Robin (D:4)
  5 gnolls
  4 adders
  A shadow imp (D:5)
  A white imp (D:7)
  3 worms
  A dart slug (D:5)
  19 orcs
  6 bats
  7 endoplasms
  6 giant cockroaches
  15 goblins
  6 hobgoblins
  6 jackals (D:4)
  16 kobolds
  A quokka (D:1)
  8 ball pythons
  5 frilled lizards
  4 goblin zombies (D:10)
  A hobgoblin skeleton (D:10)
  3 hobgoblin zombies (D:10)
  2 orc skeletons (D:10)
  9 orc zombies (D:10)
  2 rats
242 creatures vanquished.

Vanquished Creatures (collateral kills)
  A hydra (Lair:1)
  3 elephants (Lair:2)
  A cane toad (Lair:2)
  A komodo dragon (Lair:2)
  5 yaks
  5 wights
  3 killer bees (D:8)
  An orc wizard (D:3)
  3 gnolls (D:5)
  A white imp (D:7)
  2 orcs
  11 ballistomycete spores
37 creatures vanquished.

Vanquished Creatures (others)
  A wyvern (D:9)
  A vampire mosquito (D:10)
  A killer bee (D:8)
  3 ballistomycete spores (Lair:2)
  8 fungi
  20 plants
34 creatures vanquished.

Grand Total: 313 creatures vanquished

Notes
Turn   | Place    | Note
-------+----------+-------------------------------------------
     0 | D:1      | Mesmaeker13 the Draconian Artificer began the quest for the
                  | Orb.
     0 | D:1      | Reached XP level 1. HP: 16/16 MP: 1/1
   662 | D:1      | Reached XP level 2. HP: 23/23 MP: 2/2
  1310 | D:2      | Reached XP level 3. HP: 29/29 MP: 3/3
  1793 | D:2      | Found a faded altar of an unknown god.
  1801 | D:2      | Got Plato's Papyrus of the Ancient Suns
  1804 | D:2      | Prayed at the altar of an unknown god.
  1804 | D:2      | Became a worshipper of Fedhas Madash
  1804 | D:2      | Reached * piety under Fedhas
  2108 | D:2      | Identified the +1 robe of Beogh's Felicitations {rElec
                  | rPois rF-}
  2553 | D:3      | Reached XP level 4. HP: 27/37 MP: 4/4
  3235 | D:3      | Found a radiant altar of Vehumet.
  3311 | D:3      | Reached XP level 5. HP: 31/45 MP: 5/5
  3568 | D:4      | Reached ** piety under Fedhas
  3571 | D:4      | Noticed an ogre
  3573 | D:4      | Noticed Natasha
  4113 | D:4      | Killed Natasha
  4136 | D:4      | Reached XP level 6. HP: 47/52 MP: 6/6
  4182 | D:4      | Noticed Robin
  4197 | D:4      | Killed Robin
  4198 | D:4      | Reached skill level 1 in Invocations
  4340 | D:4      | Noticed Natasha
  4349 | D:4      | Killed Natasha
  4502 | D:4      | Noticed Natasha
  4505 | D:4      | Killed Natasha
  5130 | D:5      | Entered Level 5 of the Dungeon
  5168 | D:5      | Reached skill level 2 in Invocations
  5188 | D:5      | Reached skill level 5 in Evocations
  5188 | D:5      | Your scales start taking on a dull iron-grey colour.
  5188 | D:5      | Reached XP level 7. HP: 60/60 MP: 8/8
  5459 | D:5      | Reached *** piety under Fedhas
  5470 | D:5      | Reached skill level 3 in Invocations
  5694 | D:5      | Reached skill level 5 in Fighting
  5915 | D:5      | Reached skill level 1 in Polearms
  6129 | D:6      | Noticed Maggie
  6142 | D:6      | Killed Maggie
  6143 | D:6      | Reached skill level 5 in Dodging
  6143 | D:6      | Reached skill level 4 in Invocations
  6143 | D:6      | Reached XP level 8. HP: 39/68 MP: 9/11
  6519 | D:6      | Noticed Grinder
  6598 | D:6      | Killed Grinder
  6599 | D:6      | Reached skill level 5 in Invocations
  6915 | D:6      | Found a white marble altar of Elyvilon.
  7026 | D:6      | Found a snail-covered altar of Cheibriados.
  7130 | D:6      | Found Muah's Assorted Antiques.
  7130 | D:6      | Found Luteg's Magic Scroll Shop.
  7130 | D:6      | Noticed a two-headed ogre
  7242 | D:6      | Found Nishrip's Weapon Shop.
  7243 | D:6      | Found Varphuss's Book Shop.
  7258 | D:6      | Bought a scroll of teleportation for 45 gold pieces
  7365 | D:7      | Reached XP level 9. HP: 66/74 MP: 13/13
  7420 | D:7      | Reached **** piety under Fedhas
  7718 | D:7      | Reached skill level 6 in Invocations
  7816 | D:7      | You fall into a shaft and drop 1 floor!
  8094 | D:7      | Reached skill level 5 in Polearms
  8327 | D:7      | Found a staircase to the Ecumenical Temple.
  9518 | D:8      | Reached skill level 1 in Axes
  9518 | D:8      | Reached skill level 1 in Shields
  9531 | D:8      | Reached skill level 7 in Invocations
  9536 | D:8      | Found a staircase to the Lair.
  9942 | D:8      | Reached XP level 10. HP: 19/81 MP: 15/15
 10302 | D:6      | Bought a potion of curing for 72 gold pieces
 10302 | D:6      | Bought a scroll of teleportation for 72 gold pieces
 10935 | D:9      | HP: 2/81 [something (16)]
 11429 | D:9      | Noticed a boulder beetle
 11441 | D:9      | Killed a boulder beetle
 11594 | D:9      | Noticed a two-headed ogre
 11610 | D:9      | Killed a two-headed ogre
 11611 | D:9      | Reached skill level 8 in Invocations
 12034 | D:9      | Found a shimmering blue altar of Sif Muna.
 12345 | D:10     | Entered Level 10 of the Dungeon
 12413 | D:10     | Found a staircase to the Orcish Mines.
 13220 | D:10     | Reached skill level 5 in Axes
 13222 | D:10     | Reached skill level 5 in Shields
 13311 | D:10     | Reached XP level 11. HP: 59/86 MP: 17/17
 13645 | D:10     | Reached skill level 9 in Invocations
 13759 | D:10     | Reached ***** piety under Fedhas
 13807 | D:10     | Noticed a two-headed ogre
 13813 | D:10     | Killed a two-headed ogre
 14010 | D:10     | Noticed a boulder beetle
 14031 | D:10     | Killed a boulder beetle
 14644 | Lair:1   | Entered Level 1 of the Lair of Beasts
 14681 | Lair:1   | Identified the +3 leather armour of the Sun {rCorr Int+3}
 14749 | Lair:1   | Noticed a six-headed hydra
 14759 | Lair:1   | Killed a ten-headed hydra
 14962 | Lair:1   | Found a runed translucent door.
 14962 | Lair:1   | Found a shimmering altar of Xom.
 14962 | Lair:1   | Noticed wilfster70's ghost (journeyman GnWn)
 14963 | Lair:1   | Noticed a +1 trident of chaos
 15103 | Lair:1   | Reached skill level 10 in Invocations
 15416 | Lair:1   | Found the +0 staff of Battle
 15586 | Lair:1   | You fall into a shaft and drop 1 floor!
 15775 | Lair:2   | Identified 2 scrolls of acquirement
 15776 | Lair:2   | Acquired a manual of Shields
 15780 | Lair:2   | Acquired a +5 demon trident of flaming
 16030 | Lair:2   | Reached XP level 12. HP: 94/94 MP: 16/20
 16038 | Lair:2   | Reached skill level 11 in Invocations
 16429 | Lair:2   | Found a staircase to the Swamp.
 16456 | Lair:2   | Killed by an exploding ballistomycete spore... set off by
                  | their pet

Illustrated notes

Levels and vault maps discovered:
D:1:      dpeg_arrival_shrine, layout_basic
D:2:      layout_loops_cross, shapermc_ecumenical_altar_rom_forum,
          amcnicky_mini_rare_corridor_liquid, minivault_26, kennysheep_doodads,
          minmay_door_square, chequers_serial_rivers_small_b,
          minmay_indecisive_spiral
D:3:      layout_basic, vehumet_altar_wand_db
D:4:      layout_rooms, serial_forest, infiniplex_forest_clump_long,
          infiniplex_forest_lined_corner, infiniplex_forest_fountain,
          infiniplex_forest_lined_2, infiniplex_forest_lined_corner,
          infiniplex_forest_clump_curved, infiniplex_forest_clump_diagonal,
          uniq_robin, uniq_natasha
D:5:      layout_loops_cross
D:6:      layout_rooms, nicolae_elyvilon_temple_path, lemuel_tele_altar,
          minmay_shop_grid_forest, minivault_26, uniq_maggie, uniq_grinder
D:7:      layout_rooms, minmay_temple_entry_hall
D:8:      layout_basic, david_lair_generic, chequers_mini_garden
D:9:      layout_loops_ring, nicolae_sif_muna_little_library,
          nicolae_kite_square_tiling_tiny, nzn_sisyphean_effort
D:10:     layout_roguey, zombieorc1_lemuel, nicolae_sextant
Lair:1:   layout_cave_pods, ebering_ghost_xom
Lair:2:   layout_long_grid, minmay_swamp_entry_worms,
          nicolae_lair_grove_arrangements

Skill      XL: |  1  2  3  4  5  6  7  8  9 10 11 12 |
---------------+-------------------------------------+-----
Fighting       | 2 3 4 5 |  5.6
Dodging        | 3 4 5 6 |  6.8
Evocations     | 4 5 6 8 |  8.8
Invocations    | 2 4 5 7 8 10 11 | 11.1
Polearms       | 2 3 5 |  5.8
Axes           | 1 5 7 |  7.6
Shields        | 1 5 7 8 |  8.3
Stealth        | |  0.8

Action                   |  1- 3 |  4- 6 |  7- 9 | 10-12 || total
-------------------------+-------+-------+-------+-------++-------
Melee: Spear             |   133 |   203 |   291 |       ||   627
       Club              |     8 |       |       |       ||     8
       Tailslap          |     7 |    29 |    44 |    43 ||   123
       Punch             |     1 |     3 |     5 |     1 ||    10
       Dagger            |       |    19 |    20 |       ||    39
       War axe           |       |       |    40 |   243 ||   283
       Demon trident     |       |       |       |    42 ||    42
 Fire: Sling             |       |    19 |    14 |       ||    33
Throw: Throwing net      |       |       |     2 |       ||     2
Invok: Wall of Briars    |       |     1 |     4 |     9 ||    14
       Grow Ballistomyce |       |       |     1 |     4 ||     5
       Overgrow          |       |       |       |     1 ||     1
       Grow Oklob        |       |       |       |     1 ||     1
Evoke: Wand              |     5 |     8 |    24 |    24 ||    61
  Use: Scroll            |     4 |     2 |     8 |    12 ||    26
       Potion            |       |     3 |     5 |     4 ||    12
 Stab: Sleeping          |     4 |     2 |     2 |     1 ||     9
       Confused          |       |       |       |     1 ||     1
Armor: Skin              |    41 |    96 |   129 |   119 ||   385
Dodge: Dodged            |    79 |   132 |   193 |   172 ||   576
Block: Buckler           |       |       |     7 |    34 ||    41

Table legend: (Time is in decaauts)
 A = Elapsed time spent in this place.
 B = Non-inter-level travel time spent in this place.
 C = Inter-level travel time spent in this place.
 D = Time resting spent in this place.
 E = Time spent auto-exploring this place.
 F = Levels seen in this place.
 G = Mean time per level.
                   A        B        C        D        E       F      G
               +--------+--------+--------+--------+--------+-----+--------+
         Total |  16594 |  16102 |    492 |   5249 |   8021 |  12 | 1382.8 |
       Dungeon |  14771 |  14298 |    473 |   5162 |   6624 |  10 | 1477.1 |
          Lair |   1823 |   1804 |     19 |     87 |   1397 |   2 |  911.5 |
               +--------+--------+--------+--------+--------+-----+--------+

Top non-repeatable levels by time:
    D:10: 2092 daAuts
     D:8: 1814 daAuts
     D:9: 1737 daAuts
     D:7: 1684 daAuts
     D:4: 1651 daAuts
     D:3: 1244 daAuts
     D:1: 1244 daAuts
     D:6: 1190 daAuts
     D:5: 1066 daAuts
     D:2: 1045 daAuts
  Lair:1: 950 daAuts
  Lair:2: 872 daAuts
